 Dungeon Crawl Stone Soup version 0.21-a0-632-g1e37ce5 (webtiles) character file.

3015 Amnesiac the Spear-Bearer (level 9, -6/67 HPs)
             Began as a Ghoul Wanderer on Dec 28, 2017.
             Was an Initiate of Okawaru.
             Shot with a sling bullet by Joseph (12 damage)
             ... on level 7 of the Dungeon.
             The game lasted 00:21:46 (9898 turns).

Amnesiac the Spear-Bearer (Ghoul Wanderer)          Turns: 9898, Time: 00:21:46

Health: -6/67      AC:  5    Str: 18    XL:     9   Next: 85%
Magic:  0/14       EV: 11    Int:  7    God:    Okawaru [......]
Gold:   351        SH:  0    Dex: 11    Spells: 10/17 levels left

rFire    . . .     SeeInvis +   B - +3 halberd (curse)
rCold    + . .     Gourm    .   (shield currently unavailable)
rNeg     + + +     Faith    .   p - +3 leather armour
rPois    ∞         Spirit   +   k - +2 hat
rElec    .         Reflect  .   c - scarf {Spirit}
rCorr    .         Harm     .   (no gloves)
MR       .....                  q - +0 pair of boots
Stlth    ++........             (no amulet)
HPRegen  0.00/turn              f - ring of see invisible
MPRegen  0.14/turn              d - +2 ring of dexterity

@: corroded, very slightly contaminated, rotting
A: rotting body, claws 1, carnivore, cold resistance 1, negative energy
resistance 3, inhibited regeneration, torment resistance, unbreathing
a: Renounce Religion


You were on level 7 of the Dungeon.
You worshipped Okawaru.
Okawaru was noncommittal.
You were not hungry.

You visited 2 branches of the dungeon, and saw 8 of its levels.
You also visited: Sewer.

You collected 351 gold pieces.

Inventory:

Hand Weapons
 l - a +3 blowgun
 u - a +0 trident of pain
 B - a cursed +3 halberd (weapon)
Missiles
 m - 8 needles of sleeping
 r - 84 poisoned needles
Armour
 c - a scarf of spirit shield (worn)
 k - a +2 hat (worn)
 p - a +3 leather armour (worn)
 q - a +0 pair of boots (worn)
Jewellery
 d - a +2 ring of dexterity (right claw)
 f - a ring of see invisible (left claw)
Wands
 b - a wand of acid (9)
Scrolls
 e - 3 scrolls of teleportation {!r}
 h - 3 scrolls of remove curse {!r}
 y - 6 scrolls of identify {!r}
Potions
 i - 2 potions of magic {!q}
 j - 3 potions of haste {!q}
 n - a potion of ambrosia {!q}
 o - 2 potions of flight {!q}
 s - 2 potions of cancellation {!q}
 t - a potion of agility {!q}
 v - a potion of might {!q, unknown}
 w - 2 potions of brilliance {!q}
 z - a potion of mutation {!q, unknown}
Books
 a - a book of Battle

   Spells                             Type                      Level
   a - Infusion                       Charms                       1
   b - Shroud of Golubria             Charms/Translocation         2
   c - Song of Slaying                Charms                       2
   d - Spectral Weapon                Hexes/Charms                 3
   e - Regeneration                   Charms/Necromancy            3
 x - a book of Minor Magic

   Spells                             Type                      Level
   a - Magic Dart                     Conjuration                  1
   b - Blink                          Translocation                2
   c - Call Imp                       Summoning                    2
   d - Slow                           Hexes                        2
   e - Conjure Flame                  Conjuration/Fire             3
   f - Mephitic Cloud                 Conjuration/Poison/Air       3
 C - a book of Power

   Spells                             Type                      Level
   a - Iskenderun's Battlesphere      Conjuration/Charms           5
   b - Venom Bolt                     Conjuration/Poison           5
   c - Bolt of Magma                  Conjuration/Fire/Earth       5
   d - Iron Shot                      Conjuration/Earth            6
   e - Orb of Destruction             Conjuration                  7
   f - Spellforged Servitor           Conjuration/Summoning        7
 D - a book of Changes

   Spells                             Type                      Level
   a - Beastly Appendage              Transmutation                1
   b - Sticks to Snakes               Transmutation                2
   c - Spider Form                    Transmutation/Poison         3
   d - Ice Form                       Ice/Transmutation            4
   e - Blade Hands                    Transmutation                5
Comestibles
 g - 10 rations
 A - 2 chunks of flesh


   Skills:
 - Level 2.1 Fighting
 * Level 8.7(8.8) Polearms
   Level 1.0(5.5) Staves
 - Level 3.2 Stealth
 - Level 4.5 Spellcasting
 - Level 7.0 Charms
   Level 1.1 Earth Magic
 - Level 1.0 Evocations


You had 10 spell levels left.
You knew the following spells:

 Your Spells              Type           Power        Failure   Level  Hunger
a - Infusion              Chrm           ##..         1%          1    #......
b - Spectral Weapon       Hex/Chrm       #.......     26%         3    ###....
r - Regeneration          Chrm/Necr      #.........   26%         3    ###....


Dungeon Overview and Level Annotations

Branches:
Dungeon (7/15)             Temple (1/1) D:7

Altars:
Elyvilon
Gozag
Nemelex Xobeh
Okawaru
Qazlal
Ru
Sif Muna
Trog
Zin

Shops:
D:5 %

Annotations:
D:7 1 runed door, Joseph


Innate Abilities, Weirdness & Mutations

Your body is rotting away.
You thrive on raw meat.
You are immune to poison.
You have sharp fingernails.
You are carnivorous and can eat meat at any time.
Your flesh is cold resistant. (rC+)
You are immune to negative energy. (rN+++)
You do not regenerate when monsters are visible.
You are immune to unholy pain and torment.
You can survive without breathing.


Message History

The quokka is almost dead.
The quokka barely misses you.
You closely miss the quokka.
The quokka is almost dead.
The quokka bites you.
You miss the quokka.
The quokka is almost dead.
The quokka barely misses you.
You hit the quokka.
You kill the quokka!
Okawaru accepts your kill.
No target in view!
You butcher the quokka corpse.
A - 5 chunks of flesh (gained 2)
You see here a quokka skeleton. x2
You now have 351 gold pieces (gained 12).
You open the door.
There is an open door here.
You open the door.
Joseph and a zombie come into view.
Joseph shouts!
Found 14 bolts.
There is an open door here.
There are monsters nearby!
There are monsters nearby!
There are monsters nearby!
You close the door.
You start resting.
Joseph unwields an uncursed quarterstaff.
Joseph wields a hunting sling.
Joseph shoots a sling bullet.
The sling bullet hits you!
Casting: Spectral Weapon
Confirm with . or Enter, or press ? or * to list all spells.
You draw out your weapon's spirit!
Joseph zaps a wand.
The bolt of acid misses you.
It is a wand of acid (3).
There is an open door here.
You hit Joseph.
Joseph is lightly wounded.
The quokka zombie barely misses you.
Joseph unwields an uncursed hunting sling.
Joseph wields an uncursed quarterstaff.
Joseph barely misses you.
You puncture the quokka zombie!
You destroy the quokka zombie!
Okawaru accepts your kill.
Joseph hits you with an uncursed quarterstaff!
You barely miss Joseph.
Joseph is lightly wounded.
Joseph zaps a wand.
The bolt of acid hits you!
* * * LOW HITPOINT WARNING * * *
You are splashed with acid!
The acid burns!
* * * LOW HITPOINT WARNING * * *
Some of the chunks of flesh in your inventory have rotted away.
You hit Joseph but do no damage.
Joseph is heavily wounded.
Joseph zaps a wand.
The bolt of acid hits you!
* * * LOW HITPOINT WARNING * * *
The acid corrodes you!
You are splashed with acid!
The acid burns!
* * * LOW HITPOINT WARNING * * *
Okay, then.
You swap places.
Joseph unwields an uncursed quarterstaff.
Joseph wields an uncursed hunting sling.
Joseph shoots a sling bullet.
The sling bullet hits you!
You die...

#..................#
#.#
#.##.########......#
#.# #.##.###
####'### #.##
#.##...## #.# #...
#.##.#..# #.# ####
#.#####'### #.#
#.###.....# #.#
#...#.⌠.⌠.# #.#
#.#.'..>..+ #@#
#.###.⌠.⌠.# #'# ..#
#.....#......@......
..#
###+#######..(......
..# #......... .>#
#......... .##
#.......## .#
........# .#
.(......#


You could see Joseph and a friendly spectral enchanted halberd.

Vanquished Creatures
  6 yaks
  Menkaure (D:7)
  Edmund (D:6)
  Purgy (Sewer)
  2 orc warriors
  2 ice beasts (D:6)
  An ogre (D:5)
  A phantom (D:3)
  A scorpion (D:4)
  9 wights (D:7)
  A howler monkey (D:4)
  A crimson imp (D:3)
  2 centaur zombies (D:6)
  2 hounds
  3 jellies
  A bullfrog skeleton (D:7)
  2 centaur skeletons
  An iguana (D:7)
  3 orc wizards
  4 worker ants
  A hound skeleton (D:7)
  A howler monkey zombie (D:5)
  3 gnolls (D:4)
  5 adders
  A shadow imp (D:5)
  2 adder zombies (D:6)
  A worm (D:3)
  10 leopard geckos
  15 orcs
  4 bats
  9 giant cockroaches
  14 goblins
  14 hobgoblins
  10 jackals
  20 kobolds
  2 quokkas
  3 ball pythons (Sewer)
  14 frilled lizards
  A jackal skeleton (D:4)
  A quokka skeleton (D:4)
  A quokka zombie (D:7)
  7 rats
184 creatures vanquished.

Vanquished Creatures (others)
  A plant (D:5)
  A spectral weapon (D:5)
2 creatures vanquished.

Grand Total: 186 creatures vanquished

Notes
Turn   | Place    | Note
-------+----------+-------------------------------------------
     0 | D:1      | Amnesiac the Ghoul Wanderer began the quest for the Orb.
     0 | D:1      | Amnesiac set off with: a book of Battle, a scroll of teleportation {!r}, a potion of curing {!q}, a +0 robe, a +0 club, a +0 dagger, a ration
     0 | D:1      | Reached XP level 1. HP: 17/17 MP: 1/1
     9 | D:1      | Learned a level 1 spell: Infusion
   210 | D:1      | Found a sparkling altar of Nemelex Xobeh.
   345 | D:1      | Reached XP level 2. HP: 15/24 MP: 1/3
   658 | D:1      | Reached XP level 3. HP: 12/28 MP: 5/5
  1469 | D:3      | Reached XP level 4. HP: 21/36 MP: 4/6
  1612 | D:3      | Learned a level 3 spell: Spectral Weapon
  2508 | D:3      | Reached XP level 5. HP: 15/41 MP: 3/8
  2736 | D:4      | Found a glowing drain.
  2910 | Sewer    | Entered a sewer
  2943 | Sewer    | Noticed Purgy
  2979 | Sewer    | Killed Purgy
  2979 | Sewer    | Reached XP level 6. HP: 15/48 MP: 1/9
  3635 | D:4      | Reached skill level 5 in Charms
  3661 | D:4      | Noticed a phantom
  4244 | D:4      | Reached XP level 7. HP: 23/51 MP: 8/10
  4826 | D:5      | Entered Level 5 of the Dungeon
  4907 | D:5      | Found a deep blue altar of Sif Muna.
  4921 | D:5      | Noticed a yak
  4950 | D:5      | Killed a yak
  4950 | D:5      | Reached skill level 2 in Polearms
  4952 | D:5      | Noticed a yak
  4952 | D:5      | Noticed a yak
  5001 | D:5      | Noticed a yak
  5003 | D:5      | Noticed a yak
  5006 | D:5      | Noticed a yak
  5007 | D:5      | Killed a yak
  5007 | D:5      | Reached skill level 3 in Polearms
  5015 | D:5      | Killed a yak
  5015 | D:5      | Reached skill level 4 in Polearms
  5015 | D:5      | Reached XP level 8. HP: 30/61 MP: 6/11
  5621 | D:4      | Killed a yak
  5872 | D:5      | Reached skill level 5 in Polearms
  5986 | D:5      | Found Noozar's Food Emporium.
  6037 | D:5      | Found a white marble altar of Elyvilon.
  6116 | D:5      | Killed a yak
  6124 | D:5      | Killed a yak
  6124 | D:5      | Reached skill level 6 in Polearms
  6313 | D:5      | Reached XP level 9. HP: 61/67 MP: 12/14
  7285 | D:5      | Found a deep blue altar of Sif Muna.
  7445 | D:5      | Found Noozar's Food Emporium.
  7646 | D:5      | Found a white marble altar of Elyvilon.
  7873 | D:6      | Noticed Edmund
  7881 | D:6      | Killed Edmund
  8062 | D:6      | Reached skill level 7 in Polearms
  8069 | D:6      | Got a faintly glowing plate armour
  8080 | D:6      | Identified the +5 plate armour of the Leaf {-Cast rF+ Str+4 Dex+4} (You found it on level 6 of the Dungeon)
  8104 | D:6      | Learned a level 3 spell: Regeneration
  8991 | D:7      | Found a staircase to the Ecumenical Temple.
  9006 | Temple   | Entered the Ecumenical Temple
  9016 | Temple   | Became a worshipper of Warmaster Okawaru
  9415 | D:7      | Found a stormy altar of Qazlal.
  9499 | D:7      | Reached skill level 8 in Polearms
  9511 | D:7      | Noticed Menkaure
  9517 | D:7      | Killed Menkaure
  9829 | D:7      | Found a runed door.
  9888 | D:7      | Noticed Joseph
  9898 | D:7      | Shot with a sling bullet by Joseph

Vault maps used:
D:1:      ncdulo_lavacross, nemelex_xobeh_ov_fountains_minmay
D:3:      first_ration, minmay_lizard_king
D:4:      corexii_shantytown, gup_sewer_entry_pipe
D:5:      nicolae_overflow_crystal_walls, serial_shops, shop, basic_altar,
          serial_bayou_pond_a
D:6:      uniq_edmund
D:7:      minmay_temple_entry_hall, nicolae_qazlal_general_emergency,
          uniq_joseph, uniq_crazy_yiuf_cottage, uniq_menkaure
Temple:   compressed_dpeg_circular_temple
Sewer:    sewer_co_purgy_island

Skill      XL: |  1  2  3  4  5  6  7  8  9 |
---------------+----------------------------+-----
Spellcasting   | 2 3 4 |  4.5
Charms         | 2 3 4 5 6 7 |  7.0
Polearms       | 4 6 8 |  8.7
Fighting       | |  2.1
Staves         | |  1.0
Stealth        | |  3.2
Earth Magic    | |  1.1
Evocations     | |  1.0

Action                   |  1- 3 |  4- 6 |  7- 9 || total
-------------------------+-------+-------+-------++-------
Melee: Club              |    36 |       |       ||    36
       Unarmed           |   167 |   419 |       ||   586
       Long sword        |       |    59 |    33 ||    92
       Spear             |       |       |   173 ||   173
       Trident           |       |       |    82 ||    82
       Halberd           |       |       |    55 ||    55
 Fire: Blowgun           |       |    88 |       ||    88
 Cast: Infusion          |     1 |     4 |       ||     5
       Spectral Weapon   |       |     2 |    23 ||    25
       Regeneration      |       |       |     1 ||     1
  Use: Potion            |     1 |     8 |     1 ||    10
       Scroll            |       |    12 |       ||    12
 Stab: Sleeping          |     5 |     2 |     8 ||    15
       Distracted        |       |       |     1 ||     1
  Eat: Chunk             |    17 |    39 |    30 ||    86
Armor: Robe              |    56 |   129 |       ||   185
       Leather armour    |       |    57 |    79 ||   136
Dodge: Dodged            |   166 |   395 |   140 ||   701
       Rpst.: Long sword |       |    14 |     9 ||    23

Table legend:
 A = Spawn XP
 B = Non-spawn XP
 C = Spawn XP percentage of total XP
 D = Spawn monster count
 E = Non-spawn monster count
 F = Spawn count percentage of total count
 G = Total turns spent on level
                    A         B        C        D         E        F      G
               +---------+---------+-------+---------+---------+-------+---------
         Total |       0 |    4308 |   0.0 |       0 |     184 |   0.0 |  9898
               +---------+---------+-------+---------+---------+-------+---------
           D:1 |       0 |      39 |   0.0 |       0 |      22 |   0.0 |   931
           D:2 |       0 |      25 |   0.0 |       0 |       9 |   0.0 |   862
           D:3 |       0 |     233 |   0.0 |       0 |      30 |   0.0 |  1470
           D:4 |       0 |     638 |   0.0 |       0 |      54 |   0.0 |  2632
           D:5 |       0 |    1289 |   0.0 |       0 |      21 |   0.0 |  1344
           D:6 |       0 |     824 |   0.0 |       0 |      16 |   0.0 |  1294
           D:7 |       0 |    1120 |   0.0 |       0 |      26 |   0.0 |   896
         Sewer |       0 |     140 |   0.0 |       0 |       6 |   0.0 |   448
               +---------+---------+-------+---------+---------+-------+---------
